TOP OF THE 1ST |
Mt Pleasant Bearcats batting - Pitching for Reading Rainbows : LHP Dave Watkins
|
Pitching: LHP Dave Watkins
|
|
Batting: RHB Patrick Potts
|
0-0: Ball 1-0: Called Strike 1-1: Called Strike 1-2: Fly out, F9 (Flyball, 9M)
|
Batting: RHB Ryosei Yamamoto
|
0-0: Called Strike 0-1: DOUBLE (Flyball, 78XD)
|
Batting: SHB Roberto Rivera
|
0-0: Called Strike 0-1: Foul Ball, location: 2F 0-2: Fly out, F7 (Flyball, 7S)
|
Batting: LHB Robert Moore
|
0-0: Called Strike 0-1: Called Strike 0-2: Ball 1-2: Strikes out swinging
|
Top of the 1st over - 0 run(s), 1 hit(s), 0 error(s), 1 left on base; Mt Pleasant 0 - Reading 0 |
BOTTOM OF THE 1ST |
Reading Rainbows batting - Pitching for Mt Pleasant Bearcats : RHP Juan Moreno
|
Pitching: RHP Juan Moreno
|
|
Batting: LHB Alfonso Ruíz
|
0-0: Called Strike 0-1: Ball 1-1: Foul Ball, location: 2F 1-2: Strikes out swinging
|
Batting: RHB Hubert Brown
|
0-0: SINGLE (Groundball, 6MD)
|
Batting: RHB Dan Banks
|
0-0: Ball 1-0: Called Strike 1-1: Grounds into double play, 6-4-3 (Groundball, 6M)
|
Bottom of the 1st over - 0 run(s), 1 hit(s), 0 error(s), 0 left on base; Mt Pleasant 0 - Reading 0 |
TOP OF THE 2ND |
Mt Pleasant Bearcats batting - Pitching for Reading Rainbows : LHP Dave Watkins
|
Batting: RHB Pat Fernández
|
0-0: Ball 1-0: Ball 2-0: Called Strike 2-1: Swinging Strike 2-2: SOLO HOME RUN (Flyball, 7D), Distance : 384 ft
|
Batting: RHB Ricardo Salazar
|
0-0: Called Strike 0-1: Foul Ball, location: 2F 0-2: Strikes out swinging
|
Batting: RHB Luis Maldonado
|
0-0: Swinging Strike 0-1: Swinging Strike 0-2: Ball 1-2: Fly out, F8 (Flyball, 8LXD)
|
Batting: RHB Ichizo Akiyama
|
0-0: Ball 1-0: Called Strike 1-1: Ball 2-1: SOLO HOME RUN (Flyball, 78XD), Distance : 403 ft
|
Batting: RHB Roberto Martínez
|
0-0: Ball 1-0: Foul Ball, location: 2F 1-1: Swinging Strike 1-2: Strikes out looking
|
Top of the 2nd over - 2 run(s), 2 hit(s), 0 error(s), 0 left on base; Mt Pleasant 2 - Reading 0 |
BOTTOM OF THE 2ND |
Reading Rainbows batting - Pitching for Mt Pleasant Bearcats : RHP Juan Moreno
|
Batting: RHB Germano Labrego
|
0-0: Swinging Strike 0-1: Ball 1-1: Ball 2-1: Swinging Strike 2-2: Strikes out swinging
|
Batting: RHB Albert Lutz
|
0-0: Called Strike 0-1: Ground out 6-3 (Groundball, 6)
|
Batting: LHB John Hudson
|
0-0: Ball 1-0: Ball 2-0: Ball 3-0: Called Strike 3-1: Base on Balls
|
Batting: RHB Richard Case
|
0-0: Foul Ball, location: 2F 0-1: Ball 1-1: Ball 2-1: Called Strike 2-2: Strikes out looking
|
Bottom of the 2nd over - 0 run(s), 0 hit(s), 0 error(s), 1 left on base; Mt Pleasant 2 - Reading 0 |
TOP OF THE 3RD |
Mt Pleasant Bearcats batting - Pitching for Reading Rainbows : LHP Dave Watkins
|
Batting: RHB Patrick Potts
|
0-0: Called Strike 0-1: Called Strike 0-2: Ball 1-2: Strikes out swinging
|
Batting: RHB Ryosei Yamamoto
|
0-0: Swinging Strike 0-1: Foul Ball, location: 2F 0-2: Ball 1-2: Strikes out swinging
|
Batting: SHB Roberto Rivera
|
0-0: Ball 1-0: Fly out, F8 (Flyball, 78D)
|
Top of the 3rd over - 0 run(s), 0 hit(s), 0 error(s), 0 left on base; Mt Pleasant 2 - Reading 0 |
BOTTOM OF THE 3RD |
Reading Rainbows batting - Pitching for Mt Pleasant Bearcats : RHP Juan Moreno
|
Batting: RHB Donald Sanford
|
0-0: Ball 1-0: Ground out 1-3 (Groundball, 23)
|
Batting: LHB Wally Coker
|
0-0: Ball 1-0: Called Strike 1-1: Called Strike 1-2: Strikes out swinging
|
Batting: LHB Alfonso Ruíz
|
0-0: SINGLE (Line Drive, 8RS)
|
Batting: RHB Hubert Brown
|
0-0: Ball 1-0: Called Strike 1-1: Called Strike 1-2: Strikes out looking
|
Bottom of the 3rd over - 0 run(s), 1 hit(s), 0 error(s), 1 left on base; Mt Pleasant 2 - Reading 0 |
TOP OF THE 4TH |
Mt Pleasant Bearcats batting - Pitching for Reading Rainbows : LHP Dave Watkins
|
Batting: LHB Robert Moore
|
0-0: Called Strike 0-1: Ball 1-1: Called Strike 1-2: Ball 2-2: Ball 3-2: Strikes out looking
|
Batting: RHB Pat Fernández
|
0-0: Ball 1-0: Called Strike 1-1: Called Strike 1-2: Ground out 5-3 (Groundball, 5L)
|
Batting: RHB Ricardo Salazar
|
0-0: Foul Ball, location: 2F 0-1: Ball 1-1: Foul Ball, location: 2F 1-2: Foul Ball, location: 2F 1-2: Foul Ball, location: 2F 1-2: DOUBLE (Line Drive, 9M)
|
Batting: RHB Luis Maldonado
|
0-0: Ball 1-0: Foul Ball, location: 2F 1-1: Ball 2-1: Called Strike 2-2: Ball 3-2: Base on Balls
|
Batting: RHB Ichizo Akiyama
|
0-0: Ball 1-0: Ball 2-0: Called Strike 2-1: Fly out, F8 (Flyball, 8LS)
|
Top of the 4th over - 0 run(s), 1 hit(s), 0 error(s), 2 left on base; Mt Pleasant 2 - Reading 0 |
BOTTOM OF THE 4TH |
Reading Rainbows batting - Pitching for Mt Pleasant Bearcats : RHP Juan Moreno
|
Batting: RHB Dan Banks
|
0-0: Ball 1-0: Ball 2-0: Ball 3-0: Called Strike 3-1: Foul Ball, location: 2F 3-2: SINGLE (Flyball, 9S)
|
Batting: RHB Germano Labrego
|
0-0: Ball 1-0: Ball Dan Banks steals 2nd base 2-0: Foul Ball, location: 2F 2-1: Ball 3-1: Base on Balls
|
Batting: RHB Albert Lutz
|
0-0: Swinging Strike 0-1: Ball 1-1: Ball 2-1: Called Strike 2-2: Ball 3-2: Foul Ball, location: 2F 3-2: Foul Ball, location: 2F 3-2: Foul Ball, location: 2F 3-2: Base on Balls Dan Banks to third Germano Labrego to second
|
Batting: LHB John Hudson
|
0-0: Called Strike 0-1: Ball 1-1: Swinging Strike 1-2: Foul Ball, location: 2F 1-2: Ball 2-2: Foul Ball, location: 2F 2-2: Ball 3-2: Strikes out looking
|
Batting: RHB Richard Case
|
0-0: Ball 1-0: Foul Ball, location: 2F 1-1: Ball 2-1: Ball 3-1: Swinging Strike 3-2: Foul Ball, location: 2F 3-2: Base on Balls Dan Banks scores Germano Labrego to third Albert Lutz to second
|
Batting: RHB Donald Sanford
|
0-0: Called Strike 0-1: Foul Ball, location: 2F 0-2: Strikes out looking
|
Batting: LHB Wally Coker
|
0-0: Swinging Strike 0-1: Ball 1-1: Ball 2-1: Foul Ball, location: 2F 2-2: Strikes out looking
|
Bottom of the 4th over - 1 run(s), 1 hit(s), 0 error(s), 3 left on base; Mt Pleasant 2 - Reading 1 |
TOP OF THE 5TH |
Mt Pleasant Bearcats batting - Pitching for Reading Rainbows : LHP Dave Watkins
|
Batting: RHB Roberto Martínez
|
0-0: Ground out 5-3 (Groundball, 5)
|
Batting: RHB Patrick Potts
|
0-0: Ball 1-0: Called Strike 1-1: Called Strike 1-2: Foul Ball, location: 2F 1-2: Strikes out swinging
|
Batting: RHB Ryosei Yamamoto
|
0-0: Ball 1-0: SINGLE (Groundball, 6MD)
|
Batting: SHB Roberto Rivera
|
0-0: Ball 1-0: Foul Ball, location: 2F 1-1: Called Strike 1-2: DOUBLE (Flyball, 78XD) Ryosei Yamamoto to third Runner from 3rd tries for Home, SAFE, no throw or cutoff
|
Batting: LHB Robert Moore
|
0-0: Ball 1-0: Ball 2-0: Ball 3-0: Called Strike 3-1: SINGLE (Line Drive, 3S) Roberto Rivera to third Runner from 3rd tries for Home, SAFE, no throw or cutoff
|
Batting: RHB Pat Fernández
|
0-0: Ball 1-0: Ball 2-0: Ball 3-0: Called Strike 3-1: Called Strike 3-2: Strikes out swinging
|
Top of the 5th over - 2 run(s), 3 hit(s), 0 error(s), 1 left on base; Mt Pleasant 4 - Reading 1 |
BOTTOM OF THE 5TH |
Reading Rainbows batting - Pitching for Mt Pleasant Bearcats : RHP Juan Moreno
|
Batting: LHB Alfonso Ruíz
|
0-0: Called Strike 0-1: Ball 1-1: Ball 2-1: Ground out 5-3 (Groundball, 56)
|
Batting: RHB Hubert Brown
|
0-0: Ball 1-0: Ball 2-0: Ball 3-0: Called Strike 3-1: Foul Ball, location: 2F 3-2: Base on Balls
|
Batting: RHB Dan Banks
|
0-0: Called Strike 0-1: DOUBLE (Line Drive, 8LM) Hubert Brown to third
|
Batting: RHB Germano Labrego
|
0-0: Ball 1-0: Foul Ball, location: 2F 1-1: Called Strike 1-2: Ball 2-2: Foul Ball, location: 2F 2-2: Strikes out swinging
|
Pitching: RHP Jorge Amador
|
|
Batting: RHB Albert Lutz
|
0-0: Ball 1-0: Ball 2-0: Ball 3-0: Called Strike 3-1: Foul Ball, location: 2F 3-2: Foul Ball, location: 2F 3-2: Foul Ball, location: 2F 3-2: Ground out U3 (Groundball, 3S)
|
Bottom of the 5th over - 0 run(s), 1 hit(s), 0 error(s), 2 left on base; Mt Pleasant 4 - Reading 1 |
TOP OF THE 6TH |
Mt Pleasant Bearcats batting - Pitching for Reading Rainbows : LHP Dave Watkins
|
Pitching: LHP Robert Trent
|
|
Batting: RHB Ricardo Salazar
|
0-0: Swinging Strike 0-1: Swinging Strike 0-2: Strikes out swinging
|
Batting: RHB Luis Maldonado
|
0-0: Called Strike 0-1: Called Strike 0-2: Strikes out swinging
|
Batting: RHB Ichizo Akiyama
|
0-0: Called Strike 0-1: Ball 1-1: Ground out 5-3 (Groundball, 56)
|
Top of the 6th over - 0 run(s), 0 hit(s), 0 error(s), 0 left on base; Mt Pleasant 4 - Reading 1 |
BOTTOM OF THE 6TH |
Reading Rainbows batting - Pitching for Mt Pleasant Bearcats : RHP Jorge Amador
|
Batting: LHB John Hudson
|
0-0: Ground out 6-3 (Groundball, 6)
|
Batting: RHB Richard Case
|
0-0: Swinging Strike 0-1: Called Strike 0-2: Strikes out looking
|
Batting: RHB Donald Sanford
|
0-0: Ball 1-0: Ball 2-0: Ball 3-0: Base on Balls
|
Batting: LHB Wally Coker
|
0-0: Ground out U3 (Groundball, 3)
|
Bottom of the 6th over - 0 run(s), 0 hit(s), 0 error(s), 1 left on base; Mt Pleasant 4 - Reading 1 |
TOP OF THE 7TH |
Mt Pleasant Bearcats batting - Pitching for Reading Rainbows : LHP Robert Trent
|
Batting: RHB Roberto Martínez
|
0-0: Ball 1-0: Ball 2-0: Ball 3-0: Called Strike 3-1: Base on Balls
|
Batting: RHB Patrick Potts
|
0-0: Ball 1-0: Grounds into double play, 5-4-3 (Groundball, 5)
|
Batting: RHB Ryosei Yamamoto
|
0-0: Fly out, F8 (Flyball, 8RD)
|
Top of the 7th over - 0 run(s), 0 hit(s), 0 error(s), 0 left on base; Mt Pleasant 4 - Reading 1 |
BOTTOM OF THE 7TH |
Reading Rainbows batting - Pitching for Mt Pleasant Bearcats : RHP Jorge Amador
|
Batting: LHB Alfonso Ruíz
|
0-0: Foul Ball, location: 2F 0-1: Swinging Strike 0-2: Foul Ball, location: 2F 0-2: Foul Ball, location: 2F 0-2: Ball 1-2: Ball 2-2: Ball 3-2: Base on Balls
|
Batting: RHB Hubert Brown
|
0-0: Swinging Strike 0-1: Foul Ball, location: 2F 0-2: Foul Ball, location: 2F 0-2: Ball 1-2: Strikes out swinging
|
Batting: RHB Dan Banks
|
0-0: Called Strike 0-1: Called Strike Alfonso Ruíz steals 2nd base 0-2: SINGLE (Groundball, 5L) Alfonso Ruíz to third Runner from 3rd tries for Home, SAFE, no throw or cutoff
|
Batting: RHB Germano Labrego
|
0-0: Foul Ball, location: 2F 0-1: 2-RUN HOME RUN (Flyball, 7LD), Distance : 417 ft
|
Batting: RHB Albert Lutz
|
0-0: Ground out 4-3 (Groundball, 4S)
|
Pinch Hitting: LHB Shane Lynch
|
0-0: Ground out 4-3 (Groundball, 4M)
|
Bottom of the 7th over - 3 run(s), 2 hit(s), 0 error(s), 0 left on base; Mt Pleasant 4 - Reading 4 |
TOP OF THE 8TH |
Mt Pleasant Bearcats batting - Pitching for Reading Rainbows : LHP Robert Trent
|
Pitching: RHP Juan Martínez
|
|
Now in LF: Shane Lynch
|
|
Batting: SHB Roberto Rivera
|
0-0: Called Strike 0-1: Swinging Strike 0-2: Strikes out swinging
|
Batting: LHB Robert Moore
|
0-0: Called Strike 0-1: Called Strike 0-2: Foul Ball, location: 2F 0-2: Ball 1-2: Ball 2-2: Ball 3-2: Base on Balls
|
Pinch Hitting: LHB Colm Massey
|
0-0: Ball 1-0: Ball 2-0: Called Strike 2-1: Swinging Strike 2-2: Ball 3-2: Strikes out swinging Robert Moore is caught stealing 2nd base Batter strikes out.
|
Top of the 8th over - 0 run(s), 0 hit(s), 0 error(s), 0 left on base; Mt Pleasant 4 - Reading 4 |
BOTTOM OF THE 8TH |
Reading Rainbows batting - Pitching for Mt Pleasant Bearcats : RHP Jorge Amador
|
Pitching: LHP José Chávez
|
|
Now at 3B: Colm Massey
|
|
Pinch Hitting: RHB Kyle Hollingsworth
|
0-0: Called Strike 0-1: Ball 1-1: Foul Ball, location: 2F 1-2: Ball 2-2: Foul Ball, location: 2F 2-2: Foul Ball, location: 2F 2-2: Foul Ball, location: 2F 2-2: Foul Ball, location: 2F 2-2: Ball 3-2: Fly out, F8 (Flyball, 8LS)
|
Batting: RHB Donald Sanford
|
0-0: Called Strike 0-1: Ball 1-1: Ball 2-1: Ball 3-1: Called Strike 3-2: Base on Balls
|
Pinch Runner at 1st Carlos Huerta:
|
|
Batting: LHB Wally Coker
|
0-0: Ball 1-0: Grounds into double play, 5-4-3 (Groundball, 56)
|
Bottom of the 8th over - 0 run(s), 0 hit(s), 0 error(s), 0 left on base; Mt Pleasant 4 - Reading 4 |
TOP OF THE 9TH |
Mt Pleasant Bearcats batting - Pitching for Reading Rainbows : RHP Juan Martínez
|
Pitching: LHP Robby Hall
|
|
Now at SS: Kyle Hollingsworth
|
|
Now in CF: Carlos Huerta
|
|
Batting: RHB Ricardo Salazar
|
0-0: Ball 1-0: Foul Ball, location: 2F 1-1: Ball 2-1: Called Strike 2-2: Ball 3-2: Base on Balls
|
Batting: RHB Luis Maldonado
|
0-0: Ball 1-0: Bunted foul 1-1: Bunted foul 1-2: Ball 2-2: Fly out, F3 (Popup, 9LS)
|
Batting: RHB Ichizo Akiyama
|
0-0: Called Strike 0-1: Foul Ball, location: 2F 0-2: Strikes out swinging
|
Pinch Hitting: SHB William Hamilton
|
0-0: Called Strike 0-1: Ball 1-1: Called Strike 1-2: DOUBLE (Flyball, 9S) Ricardo Salazar to third
|
Batting: RHB Patrick Potts
|
0-0: Ball 1-0: Foul Ball, location: 2F 1-1: Ball 2-1: SINGLE (Line Drive, 34D) Ricardo Salazar scores William Hamilton to third
|
Batting: RHB Ryosei Yamamoto
|
0-0: Ball 1-0: Swinging Strike 1-1: Ball 2-1: Foul Ball, location: 2F 2-2: Ball 3-2: Base on Balls Patrick Potts to second
|
Batting: SHB Roberto Rivera
|
0-0: Ball 1-0: Foul Ball, location: 2F 1-1: Ball 2-1: Ball 3-1: Called Strike 3-2: Fly out, F7 (Flyball, 7M)
|
Top of the 9th over - 1 run(s), 2 hit(s), 0 error(s), 3 left on base; Mt Pleasant 5 - Reading 4 |
BOTTOM OF THE 9TH |
Reading Rainbows batting - Pitching for Mt Pleasant Bearcats : LHP José Chávez
|
Pitching: RHP Sancho Mendoza
|
|
Now at 1B: Ramiro Chávez
|
|
Now at 3B: William Hamilton
|
|
Batting: LHB Alfonso Ruíz
|
0-0: Ball 1-0: Ball 2-0: Ball 3-0: Base on Balls
|
Pinch Hitting: LHB Richard Henry
|
0-0: Fly out, F8 (Line Drive, 8LM)
|
Batting: RHB Dan Banks
|
0-0: Ball 1-0: Ball 2-0: Fielders Choice at 2nd, 5-4 (Groundball, 56)
|
Batting: RHB Germano Labrego
|
0-0: Ball 1-0: Ball 2-0: Ball 3-0: Called Strike 3-1: Fly out, F8 (Flyball, 8LD)
|
Bottom of the 9th over - 0 run(s), 0 hit(s), 0 error(s), 1 left on base; Mt Pleasant 5 - Reading 4 |
|